 Dungeon Crawl Stone Soup version 0.27.1-1-g398f81649c (webtiles) character file.

Game seed: 12101276904812202185

6368 Metae the Protected (level 10, -5/94 HPs)
             Began as a Minotaur Fighter on Sept 10, 2021.
             Was a Believer of Makhleb.
             Slain by a spriggan (14 damage)
             ... on level 9 of the Dungeon.
             The game lasted 00:37:27 (10153 turns).

Metae the Protected (Minotaur Fighter)             Turns: 10153, Time: 00:37:28

Health: -5/94      AC: 13    Str: 25    XL:     10   Next: 65%
Magic:  12/12      EV:  7    Int:  5    God:    Makhleb [**....]
Gold:   202        SH: 11    Dex:  9    Spells: 9/9 levels left

rFire    + . .     SeeInvis .   A - +6 war axe of Xyengodu {vorpal, rF+}
rCold    . . .     Faith    .   c - +0 kite shield
rNeg     . . .     Spirit   .   s - +0 chain mail
rPois    .         Reflect  .   (helmet restricted)
rElec    .         Harm     .   (no cloak)
rCorr    .         Rampage  .   h - +0 pair of gloves
Will     +....                  (no boots)
Stlth    ..........             q - amulet of regeneration
HPRegen  1.25/turn              N - ring of flight
MPRegen  0.13/turn              G - ring of willpower

@: lethally poisoned (-5 -> -7), flying
A: horns 2, retaliatory headbutt
a: Renounce Religion, Minor Destruction


You were on level 9 of the Dungeon.
You worshipped Makhleb.
Makhleb was pleased with you.
You visited 2 branches of the dungeon, and saw 10 of its levels.
You also visited: Ossuary.

You collected 527 gold pieces.
You spent 325 gold pieces at shops.

Inventory:

Hand Weapons
 a - a +0 trident
 A - the +6 war axe of Xyengodu (weapon) {vorpal, rF+}
   (You took it off a centaur on level 5 of the Dungeon)

   It inflicts extra damage upon your enemies.
   rF:        It protects you from fire.
 D - a +3 trident of holy wrath
Missiles
 o - 2 throwing nets (quivered)
 L - a curare-tipped dart
Armour
 c - a +0 kite shield (worn)
 h - a +0 pair of gloves (worn)
 k - +0 acid dragon scales
 s - a +0 chain mail (worn)
Jewellery
 b - an amulet of guardian spirit
 g - a ring of protection from cold
 q - an amulet of regeneration (around neck)
 r - a ring of protection from cold
 G - a ring of willpower (right hand)
 N - a ring of flight (left hand)
Wands
 p - a wand of paralysis (11)
 t - a wand of acid (4)
 C - a wand of iceblast (28)
 O - a wand of flame (28)
Scrolls
 i - 3 scrolls of enchant armour
 l - a scroll of silence {unknown}
 m - 2 scrolls of fear
 n - 10 scrolls of teleportation
 u - a scroll of identify
 v - a scroll of vulnerability {unknown}
 x - 2 scrolls of immolation
 y - a scroll of acquirement {unknown}
 B - 2 scrolls of noise
 E - 2 scrolls of magic mapping {unknown}
 F - 2 scrolls of brand weapon {unknown}
 H - a scroll of amnesia {unknown}
 I - a scroll of blinking {unknown}
 J - a scroll of fog {unknown}
 K - 2 scrolls of enchant weapon {unknown}
Potions
 d - 2 potions of might
 e - a potion of lignification
 f - 4 potions of degeneration
 w - 2 potions of ambrosia
 z - 2 potions of attraction
 M - a potion of flight


   Skills:
 + Level 10.8 Fighting
 + Level 5.4(6.8) Axes
 - Level 6.3(7.2) Polearms
 + Level 10.9 Armour
 + Level 8.9 Shields
 + Level 4.0 Invocations
 + Level 1.5 Evocations


You had 9 spell levels left.
You didn't know any spells.
Your spell library contained the following spells:

 Spells                   Type           Power      Damage    Failure   Level
 Magic Dart               Conj           0%         1d3       99%         1
 Call Imp                 Summ           0%         N/A       100%        2
 Corpse Rot               Necr/Air       N/A        N/A       100%        2
 Mephitic Cloud           Conj/Pois/Air  0%         N/A       100%        3
 Dispel Undead            Necr           0%         3d6       100%        4
 Fulminant Prism          Conj/Hex       0%         3d6       100%        4
 Iskenderun's Mystic Bla  Conj/Tloc      0%         2d3       100%        4
 Lee's Rapid Deconstruct  Erth           0%         3d5*      100%        5
 Death Channel            Necr           0%         N/A       100%        6


Dungeon Overview and Level Annotations

Branches:
Dungeon (9/15)             Temple (1/1) D:6         Ossuary (visited)
   Lair: D:8-11         Orc: D:9-12

Altars:
Ashenzari
Cheibriados
Dithmenos
Elyvilon
Fedhas
Gozag
Hepliaklqana
Kikubaaqudgha
Makhleb
Nemelex Xobeh
Okawaru
Qazlal
Ru
Sif Muna
Trog
Uskayaw
Vehumet
Wu Jian
Xom
Yredelemnul
Zin
The Shining One

Shops:
D:3 =   D:7 ?

Annotations:
D:9 Neebert's ghost, novice FoFi


Innate Abilities, Weirdness & Mutations

You have a pair of horns on your head.
You reflexively headbutt those who attack you in melee.


Message History

The spriggan is almost dead.
You block the spriggan's attack. Neebert's ghost completely misses you.
You block the spriggan's attack.
You slice Neebert's ghost!! You headbutt Neebert's ghost.
Neebert's ghost is heavily damaged.
Neebert's ghost hits you but does no damage.
You are poisoned.
You block the spriggan's attack. Neebert's ghost hits you.
The spriggan hits you from afar with a +0 spear!
You hit Neebert's ghost. Your headbutt misses Neebert's ghost.
Neebert's ghost is heavily damaged.
You feel very sick.
The spriggan hits you from afar with a +0 spear!!
Neebert's ghost hits you but does no damage.
You are more poisoned.
You barely miss Neebert's ghost. Your headbutt misses Neebert's ghost.
Neebert's ghost is heavily damaged.
You feel very sick. You block the spriggan's attack.
The spriggan hits you from afar with a +0 spear!
You block Neebert's ghost's attack.
You feel better. You block the spriggan's attack. Neebert's ghost hits you!
You are poisoned.
The spriggan hits you from afar with a +0 spear!!
* * * LOW HITPOINT WARNING * * *
You feel very sick.
You feel sick. The spriggan barely misses you.
You feel sick.
Neebert's ghost hits you but does no damage.
You are more poisoned.
You feel very sick. You block the spriggan's attack.
Neebert's ghost whispers, "Death is liberation."
There is a stone staircase leading up here.
You feel very sick. You block the spriggan's attack.
The spriggan hits you from afar with a +0 spear.
* * * LOW HITPOINT WARNING * * *
The spriggan hits you from afar with a +0 spear!
You die...

######## ########### ## .......#
#.........# #. .......#
#..###.@Wi###### #. .......# #..#
#...i.i...## #. .......# #..#
#....####..##### #. .......# #..#
#....#.........# #. .......# #..#
#....♣♣#8...8#♣♣ #. .......#
#..###....♣.♣##i##♣h♣ #.
.......###.........♣♣...♣..♣.♣##.
...................♣♣♣..♣♣..♣♣...
....................♣♣..!♣..♣....


You could see 3 spriggans and Neebert's ghost (corroded).

Vanquished Creatures
  A two-headed ogre (D:9)
  A gargoyle (D:9)
  3 slime creatures (D:8)
  2 wraiths
  A wyvern (D:9)
  An acid dragon (D:9)
  A water moccasin (D:7)
  A black bear (D:6)
  2 sky beasts
  A hornet zombie (D:6)
  2 orc warriors (D:8)
  A necrophage (D:3)
  2 ogres
  5 centaurs
  A phantom (D:4)
  A kobold brigand (D:8)
  2 gnoll sergeants
  A wyvern zombie (D:8)
  12 scorpions
  2 water moccasin zombies
  2 water moccasin skeletons (D:5)
  6 killer bees (D:9)
  A howler monkey (D:5)
  3 wights (D:9)
  3 bullfrog zombies
  3 centaur zombies
  3 hounds
  An orc priest (D:8)
  A bullfrog skeleton (D:4)
  4 human zombies (Ossuary)
  2 gnoll shamans
  A jelly (D:6)
  5 iguanas
  5 orc wizards
  4 scorpion zombies (Ossuary)
  A hound zombie (D:5)
  4 mummies
  15 gnolls
  12 adders
  2 howler monkey skeletons
  A white imp (D:6)
  3 ufetubi
  An adder skeleton (D:5)
  4 worms
  3 dart slugs
  10 orcs
  8 endoplasms
  5 giant cockroaches
  8 hobgoblins
  3 jackals
  11 kobolds
  3 quokkas
  5 ball pythons
  6 bats
  2 frilled lizards (D:1)
  8 goblins
  2 goblin zombies (Ossuary)
  2 hobgoblin zombies
  4 kobold zombies
  2 orc zombies
  2 quokka skeletons (D:4)
  2 rats
  2 rat zombies (D:5)
218 creatures vanquished.

Vanquished Creatures (others)
  An orc wizard (D:8)
  2 fungi (D:9)
  5 plants
8 creatures vanquished.

Grand Total: 226 creatures vanquished

Notes
Turn   | Place    | Note
-------+----------+-------------------------------------------
     0 | D:1      | Metae the Minotaur Fighter began the quest for the Orb.
     0 | D:1      | Reached XP level 1. HP: 19/19 MP: 0/0
   177 | D:1      | Reached XP level 2. HP: 27/27 MP: 1/1
   912 | D:2      | Found a radiant altar of Vehumet.
   993 | D:2      | Reached XP level 3. HP: 33/33 MP: 2/2
  1633 | D:2      | Reached XP level 4. HP: 25/41 MP: 3/3
  2229 | D:3      | Found Guewont's Jewellery Boutique.
  2338 | D:3      | Noticed a sky beast
  2384 | D:3      | Killed a sky beast
  2385 | D:3      | Reached skill level 5 in Fighting
  2385 | D:3      | Reached skill level 5 in Armour
  2385 | D:3      | Reached XP level 5. HP: 8/48 MP: 4/4
  2744 | D:3      | Noticed a necrophage
  2754 | D:3      | Killed a necrophage
  2755 | D:3      | Reached XP level 6. HP: 42/56 MP: 5/5
  2927 | D:3      | Noticed a floating eye
  3067 | D:3      | Found a faded altar of an unknown god.
  3069 | D:3      | Noticed an eye of devastation
  3069 | D:3      | Noticed a golden eye
  3069 | D:3      | Noticed a floating eye
  3498 | D:4      | Reached skill level 5 in Shields
  3762 | D:4      | Reached XP level 7. HP: 63/63 MP: 6/6
  3800 | D:4      | Found an ornate altar of the Wu Jian Council.
  3800 | D:4      | Found an ancient bone altar of Kikubaaqudgha.
  4448 | D:5      | Entered Level 5 of the Dungeon
  4507 | D:5      | Found a sand-covered staircase.
  4525 | Ossuary  | Entered an ossuary
  4764 | Ossuary  | Reached skill level 5 in Polearms
  4768 | Ossuary  | Reached XP level 8. HP: 62/73 MP: 7/7
  5812 | D:5      | Identified the +6 war axe of Xyengodu {vorpal, rF+}
  5832 | D:5      | Reached XP level 9. HP: 60/82 MP: 8/8
  6216 | D:6      | Found a staircase to the Ecumenical Temple.
  6233 | Temple   | Entered the Ecumenical Temple
  6466 | Temple   | Became a worshipper of Makhleb the Destroyer
  6494 | D:6      | Reached skill level 1 in Axes
  6985 | D:6      | Found a glowing silver altar of Zin.
  7301 | D:3      | Bought a ring of willpower for 325 gold pieces
  7916 | D:7      | Reached skill level 1 in Invocations
  7946 | D:7      | Reached skill level 10 in Armour
  8145 | D:7      | Reached skill level 10 in Fighting
  8166 | D:7      | Found Puqeah's Magic Scroll Emporium.
  8606 | D:8      | Found a sacrificial altar of Ru.
  8632 | D:8      | Reached XP level 10. HP: 84/93 MP: 10/10
  8644 | D:8      | Reached * piety under Makhleb
  8705 | D:8      | Found a hide-covered altar of Uskayaw.
  9395 | D:9      | Noticed a gargoyle
  9414 | D:9      | Killed a gargoyle
  9578 | D:9      | Found a runed translucent door.
  9578 | D:9      | Noticed Neebert's ghost (novice FoFi)
  9579 | D:9      | Identified the +7 spear "Egattava" {vorpal, rElec rPois
                  | Will++ Str-2}
  9715 | D:9      | Found a hazy altar of Hepliaklqana.
  9799 | D:9      | Reached skill level 5 in Axes
  9880 | D:9      | Noticed a two-headed ogre
  9886 | D:9      | Killed a two-headed ogre
  9887 | D:9      | Reached skill level 1 in Evocations
  9899 | D:9      | Reached ** piety under Makhleb
 10153 | D:9      | Slain by a spriggan

Illustrated notes

Levels and vault maps discovered:
D:1:      nicolae_arrival_washed_ashore, layout_loops_corners
D:2:      layout_basic, basic_altar
D:3:      layout_basic, serial_shops, nicolae_lakefront_shop,
          hellmonk_ecumenical_altar_watching_god
D:4:      layout_basic, jmf_multi_god_temple
D:5:      minmay_octagon_keep, layout_basic, enter_ossuary_4
D:6:      layout_basic, zin_scriptorium, minmay_temple_entry_overgrown
D:7:      layout_basic, serial_shops, shop_fountains, nicolae_sextant,
          minmay_mini_ossuary
D:8:      layout_loops_ring, eat_drink_and_be_merry_uskayaw,
          nicolae_ru_great_annihilating_truth
D:9:      layout_small_grid, worldfamousw_hep_ancestral_shrine,
          ebering_ghost_funeral_grove
Temple:   regret_index_temple_sphere_string

Skill      XL: |  1  2  3  4  5  6  7  8  9 10 |
---------------+-------------------------------+-----
Armour         | 4 5 6 7 9 10 | 10.9
Fighting       | 4 5 6 7 8 10 | 10.8
Shields        | 4 5 6 8 |  8.9
Polearms       | 3 4 5 6 |  6.3
Axes           | 3 5 |  5.4
Invocations    | 2 4 |  4.0
Evocations     | 1 |  1.5

Action                   |  1- 3 |  4- 6 |  7- 9 | 10-12 || total
-------------------------+-------+-------+-------+-------++-------
Melee: Trident           |   100 |   121 |   318 |       ||   539
       Headbutt          |     4 |    21 |    86 |    15 ||   126
       War axe           |       |       |   136 |   100 ||   236
Invok: Minor Destruction |       |       |       |     1 ||     1
Evoke: Wand              |       |       |       |     2 ||     2
  Use: Potion            |       |     1 |     3 |     1 ||     5
       Scroll            |       |       |     5 |     6 ||    11
 Stab: Invisible         |       |       |       |     1 ||     1
Armor: Scale mail        |    41 |    31 |   214 |    17 ||   303
       Chain mail        |       |       |       |    32 ||    32
Dodge: Dodged            |    29 |    35 |   169 |    37 ||   270
Block: Kite shield       |    45 |    61 |   292 |    77 ||   475
